← All builds
Beach sea / Cortex / Economy first / OBSERVED BUILD

Standard beach sea

Cortex Beach sea build order · Supreme Isthmus

The role's usual play: com goes to sea to build a shipyard around 2 minutes, pumping frigates and destroyers to contest enemy sea entry or hold vision, with an advanced metal extractor around 10 minutes as the transition into the team's…

Usually shipyard first (93%)

#naval #eco · 1591 distinct matches · 207 players · 84% of Cortex Beach sea games · team won 55% of 1795 · Recently observed

HOW TO PLAY IT

Key timing: Shipyard by 1:56

  1. Open 3 mex, then send com to sea to build Shipyard by 1:56.
  2. Add tidal generators, wind and more mex to fund the shipyard.
  3. Pump Riptide first, then Oppressor to contest enemy sea entry.
  4. Get T2 constructor out to start scaling the naval economy.
  5. Transition into Advanced Metal Extractor as the economy phase begins.

Phase by phase

TYPICAL OF ITS 1591 GAMES
  1. 1
  2. 2
  3. 3
PLAY THE OPENING

Follow the example game's first 6:00 step by step: what to build now, what comes next, and where it goes. At 1× it keeps pace with your own game.

  1. 1

    Up to the Shipyard

    Economy
    • Metal Extractor3Mex
    • Wind Turbine3Windfor allies
    • Wind Turbine2Wind
    • Energy Storage1Energy storage
    Order
    1. ShipyardShipyard after 3 mex, 2 wind, 1 energy storagedone ~1:56, middle half 1:43–2:07

    Some games also: Guard (30%)

    By 1:39 in all: 3 mex · 2 wind · 1 energy storage

    The example game in this phase · 5 steps
    1. Mex ×3
    2. Wind ×3for Air
    3. Wind ×2
    4. Energy storage
    5. ShipyardShipyarddone 1:54 · typical 1:56
  2. 2

    Shipyard to 5:00

    Economy
    • Metal Extractor5Mex
    • Tidal Generator2Tidal
    Builders
    • Construction Ship2 Con ship
    Army
    • Riptide2 Frigate
    • Herring1 Missile corvette
    • Oppressor1 Destroyer
    Other
    • Naval Radar / Sonar Tower1 Naval Radar / Sonar Tower

    Some games also: Urchin (46%) · mex (38%) · wind (37%) · submarine (36%) · wind (36%)

    By 5:00 in all: 8 mex · 3 wind · 2 tidal · 1 energy storage

    The example game in this phase · 23 steps
    1. Construction ShipCon ship
    2. Con turret
    3. Construction ShipCon ship
    4. HerringMissile corvette
    5. RiptideFrigatedone 2:46 · typical 3:50
    6. Mex
    7. Tidal
    8. Mex
    9. Tidal
    10. RiptideFrigate
    11. Mex ×2
    12. Wind ×2
    13. Mex
    14. Naval Radar / Sonar TowerNaval Radar / Sonar Tower
    15. Wind ×2
    16. OppressorDestroyerdone 4:53 · typical 5:14
    17. Wind ×4
    18. Mex
    19. Wind ×3
    20. Mex
    21. Wind
    22. RiptideFrigate
    23. Wind
  3. 3

    5:00 to 10:00

    Economy
    • Metal Extractor1Mex
    • Wind Turbine8Wind
    Builders
    • Construction Ship1 Con ship
    • Death Cavalry1 Death Cavalry
    Army
    • Urchin1 Urchin
    • Riptide5 Frigate
    • Oppressor2 Destroyer
    • Herring2 Missile corvette
    Other
    • Naval Radar / Sonar Tower1 Naval Radar / Sonar Tower

    Some games also: Naval Construction Turret (49%) · Guard (47%) · tidal (39%) · Radar Tower (39%) · wind (34%)

    By 10:00 in all: 9 mex · 10 wind · 4 wind · 4 tidal · 1 energy storage · 1 Naval Construction Turret

    The example game in this phase · 173 steps
    1. Naval Radar / Sonar TowerNaval Radar / Sonar Tower
    2. Wind
    3. Mex
    4. Wind
    5. Naval Construction Turret
    6. Death CavalryDeath Cavalry
    7. Wind
    8. Mex
    9. Wind
    10. BeholderBeholder
    11. Con turret
    12. Radar TowerRadar Tower
    13. Dragon's MawDragon's Maw
    14. Wind
    15. ThistleThistle
    16. Naval Construction Turret
    17. Wind
    18. Converter
    19. Wind ×2
    20. Converter
    21. Wind
    22. RiptideFrigate
    23. Wind
    24. Converter
    25. Wind ×2
    26. Converter
    27. Wind
    28. RiptideFrigate
    29. Wind
    30. Converter
    31. Wind ×3
    32. Converter
    33. RiptideFrigate
    34. Wind
    35. Naval Radar / Sonar TowerNaval Radar / Sonar Tower
    36. Wind
    37. Converter
    38. HerringMissile corvette
    39. Wind
    40. Naval Construction Turret
    41. Converter
    42. Wind
    43. Naval Energy Converter
    44. Converter
    45. Naval Energy Converter
    46. Wind
    47. Naval Energy Converter
    48. Wind
    49. Converter
    50. Naval Energy Converter
    51. Wind
    52. Naval Energy Converter
    53. Wind
    54. Naval Energy Converter
    55. Converter
    56. Wind
    57. Naval Energy Converter ×2
    58. Wind
    59. Converter
    60. Naval Energy Converter ×2
    61. Converter
    62. Naval Energy Converter ×2
    63. Advanced ShipyardAdvanced Shipyarddone 8:51
    64. Converter
    65. Wind ×2
    66. Converter
    67. Wind ×3
    68. Converter
    69. Wind ×2
    70. Converter
    71. Wind ×3
    72. Converter
    73. Wind ×3
    74. Converter
    75. Wind
    76. Advanced Metal ExtractorT2 mexdone 9:47 · typical 9:58
    77. Wind
    78. Converter
    79. Advanced Construction SubAdvanced Construction Sub
    80. Converter
    81. Wind
    82. PathfinderPathfinder
    83. Converter
    84. Wind
    85. PathfinderPathfinder
    86. Naval Advanced Metal ExtractorNaval Advanced Metal Extractordone 10:18
    87. Wind
    88. Advanced Metal ExtractorT2 mex
    89. PathfinderPathfinder
    90. Wind
    91. Converter
    92. PathfinderPathfinder
    93. Converter
    94. PathfinderPathfinder
    95. Wind
    96. OasisOasis
    97. Naval Radar / Sonar TowerNaval Radar / Sonar Tower
    98. Wind ×2
    99. Naval Advanced Metal ExtractorNaval Advanced Metal Extractor
    100. Advanced Metal ExtractorT2 mex
    101. Wind ×2
    102. OasisOasis
    103. Wind
    104. Naval Advanced Metal ExtractorNaval Advanced Metal Extractor
    105. Wind
    106. Wind
    107. Wind
    108. Wind
    109. Wind
    110. Wind
    111. Wind
    112. Wind ×2
    113. PhantasmRadar jammer ship
    114. Wind
    115. Wind
    116. Wind
    117. Wind
    118. Advanced Metal ExtractorT2 mex
    119. Wind
    120. Wind
    121. DespotBattleshipdone 12:52
    122. Wind
    123. Wind
    124. Wind ×2
    125. Wind
    126. Wind
    127. Wind
    128. Naval Advanced Metal ExtractorNaval Advanced Metal Extractor
    129. Wind
    130. Wind ×2
    131. Wind
    132. Wind
    133. Wind
    134. Wind ×2
    135. Naval Construction Turret
    136. Wind
    137. Naval Construction Turret
    138. Wind
    139. Naval Advanced Metal ExtractorNaval Advanced Metal Extractor
    140. Wind
    141. Wind
    142. Wind
    143. Wind
    144. Wind
    145. Wind
    146. Wind
    147. Wind
    148. Wind
    149. Naval Advanced Metal ExtractorNaval Advanced Metal Extractor
    150. Wind
    151. Wind
    152. Wind
    153. HerringMissile corvette
    154. Arrow StormAnti-air shipdone 13:56
    155. Wind
    156. HerringMissile corvette
    157. Wind
    158. Wind
    159. Wind
    160. Arrow StormAnti-air ship
    161. HerringMissile corvette
    162. Wind
    163. Wind
    164. Wind
    165. Naval Construction Turret
    166. Wind
    167. Wind
    168. Wind
    169. Naval Construction Turret
    170. Wind ×2
    171. Black HydraBlack Hydranot finished by 15:00
    172. Naval Construction Turret
    173. Con turret

Counts are medians over the build's games: half of them build more, half fewer. The example game is ToStupidToName's (33 OS, 20/08/2026); pick another.

Team trades

IN AT LEAST 30% OF ITS GAMES

You hand over

  • Wind Turbine3 Wind to Airfirst at 1:46 · in 77% of games

You get

  • Finch1 Finch from Airfirst at 2:00 · in 80% of games
  • Lazarus1 Lazarus from Geofirst at 2:13 · in 63% of games
  • Hephaestus1 Heavy transport from Airfirst at 2:16 · in 64% of games
  • Construction Bot1 Con bot from Geofirst at 2:26 · in 70% of games
  • Hercules1 Light transport from Airfirst at 2:34 · in 32% of games
  • Advanced Construction Bot1 T2 con bot from Techfirst at 8:08 · in 89% of games

How it plays out

Typical game of this build, running totals by minute

Metal produced

010k20k30k
0:005:0010:0015:00

metal

Enemy metal destroyed

05k10k
0:005:0010:0015:00

metal

Own metal lost

02.5k5k7.5k
0:005:0010:0015:00

metal

1795 games.

Show as table
ByMetal produced: This buildEnemy metal destroyed: This buildOwn metal lost: This build
1:0040300
2:0093700
3:00155300
4:002540051
5:003717176101
6:005049487280
7:006492975592
8:00807016651001
9:00967926141532
10:001153637242325
11:001368547443105
12:001625058553871
13:001895168784629
14:002167379245680
15:002456588566501
WHAT THE NUMBERS SAY

Standard Beach sea play has the lowest team win rate of these builds and destroys far less enemy metal early than it loses eco time.

  • + Metal produced climbs to 24945 by 15:00, the highest of all six roles.
  • + Riptide and Oppressor together make 63% of army, a focused naval composition.
  • − Enemy metal destroyed is only 200 by 5:00, barely contesting early sea.
  • − T2 factory only reached in 35% of games, behind other roles' T2 timing.
THE EXAMPLE YOU ARE READING

ToStupidToName

32.8 OS · 20/08/2026

Open source match ↗

12 received units · includes a constructor
452 metal received · 82977 energy received

Allied construction assistance is unknown. Timings are observations, not a promise of solo reproducibility.

Typical milestones

Shipyard1:56Middle 50%: 1:43–2:07 · n=1792
Riptide3:50Middle 50%: 3:12–4:34 · n=1749
Oppressor5:14Middle 50%: 4:29–6:06 · n=1728
Advanced Metal Extractor9:58Middle 50%: 9:17–10:54 · n=1519

Played most by

EpicTyrannus120games of this buildDamsko69games of this buildKbot_my_Ahole67games of this buildWaboum64games of this buildfanboi63games of this build